 Dungeon Crawl Stone Soup version 0.22-a0-322-g60b3cfd (webtiles) character file.

4188 xccam the Fighter (level 10, -9/88 HPs)
             Began as a Gnoll Wanderer on Apr 3, 2018.
             Was an Initiate of Cheibriados.
             Mangled by a two-headed ogre
             ... wielding a +0 giant club
              (14 damage)
             ... on level 8 of the Dungeon.
             The game lasted 00:16:24 (7342 turns).

xccam the Fighter (Gnoll Wanderer)                  Turns: 7342, Time: 00:16:25

Health: -9/88      AC: 13    Str: 18    XL:     10   Next: 29%
Magic:  0/17       EV: 10    Int: 15    God:    Cheibriados [......]
Gold:   436        SH:  6    Dex: 17    Spells: 18/19 levels left

rFire    . . .     SeeInvis .   G - +1 whip (freeze)
rCold    . . .     Gourm    .   a - +0 buckler
rNeg     . . .     Faith    .   u - +0 chain mail (curse)
rPois    .         Spirit   +   l - +0 hat
rElec    .         Reflect  .   r - +0 cloak
rCorr    .         Harm     .   y - +0 pair of gloves
MR       .....                  t - +0 pair of boots
Stlth    ..........             N - amulet of guardian spirit
HPRegen  0.24/turn              z - ring of stealth
MPRegen  0.15/turn              g - ring of loudness (curse)

@: very slow
A: distributed training, fangs 1, strong nose
a: Bend Time, Renounce Religion


You were on level 8 of the Dungeon.
You worshipped Cheibriados.
Cheibriados was noncommittal.
You were not hungry.

You visited 2 branches of the dungeon, and saw 9 of its levels.
You also visited: Sewer and Ossuary.

You collected 436 gold pieces.

Inventory:

Hand Weapons
 c - a +0 quarterstaff
 E - a +5 short sword of distortion
 G - a +1 whip of freezing (weapon)
 J - a +0 mace of holy wrath
Missiles
 m - 3 tomahawks (quivered)
Armour
 a - a +0 buckler (worn)
 k - a +0 troll leather armour
 l - a +0 hat (worn)
 r - a +0 cloak (worn)
 t - a +0 pair of boots (worn)
 u - a cursed +0 chain mail (worn)
 y - a +0 pair of gloves (worn)
 H - the -4 cloak of Too Many Cooks {rPois rN+++ MP+9 Str-3}
   (You acquired it on level 7 of the Dungeon)

   It affects your strength (-3).
   It protects you from poison.
   It renders you almost immune to negative energy.
   It affects your magic capacity (+9).
 K - a cursed +0 plate armour
Jewellery
 g - a cursed ring of loudness (right hand)
 z - a ring of stealth (left hand)
 B - an uncursed ring of protection from fire
 I - an uncursed ring of protection from cold
 N - an amulet of guardian spirit (around neck)
 O - an uncursed amulet of faith {unknown}
Wands
 p - a wand of digging (28)
 w - a wand of disintegration (6)
Scrolls
 j - 3 scrolls of teleportation
 v - 3 scrolls of amnesia
 x - a scroll of remove curse {unknown}
Potions
 e - 5 potions of curing
 i - a potion of resistance
 n - 2 potions of ambrosia
 q - 2 potions of magic
 s - 3 potions of lignification
 A - a potion of heal wounds
 C - 4 potions of flight
 D - 4 potions of mutation {unknown}
 F - a potion of haste {unknown}
 L - a potion of agility {unknown}
 M - a potion of cancellation {unknown}
Comestibles
 f - 12 rations
 P - 2 chunks of flesh


   Skills:
 + Level 11.4 Fighting
 + Level 5.0 Short Blades
 + Level 5.0 Long Blades
 + Level 5.0 Axes
 + Level 5.0 Maces & Flails
 + Level 5.0 Polearms
 + Level 5.7 Staves
 + Level 5.0 Slings
 + Level 5.0 Bows
 + Level 5.0 Crossbows
 + Level 5.0 Throwing
 + Level 5.0 Armour
 + Level 5.7 Dodging
 + Level 6.6 Stealth
 + Level 5.0 Shields
 + Level 5.0 Unarmed Combat
 + Level 5.0 Spellcasting
 + Level 4.1 Conjurations
 + Level 4.1 Hexes
 + Level 4.1 Charms
 + Level 4.1 Summonings
 + Level 4.1 Necromancy
 + Level 4.1 Translocations
 + Level 4.1 Transmutations
 + Level 4.1 Fire Magic
 + Level 4.1 Ice Magic
 + Level 4.1 Air Magic
 + Level 4.1 Earth Magic
 + Level 4.1 Poison Magic
 + Level 5.5 Invocations
 + Level 5.7 Evocations


You had 18 spell levels left.
You knew the following spells:

 Your Spells              Type           Power        Failure   Level  Hunger
a - Apportation           Tloc           ###...       34%         1    None


Dungeon Overview and Level Annotations

Branches:
Dungeon (8/15)             Temple (1/1) D:4
   Lair: D:8-11

Altars:
Ashenzari
Cheibriados
Dithmenos
Elyvilon
Fedhas
Gozag
Hepliaklqana
Kikubaaqudgha
Makhleb
Nemelex Xobeh
Qazlal
Ru
Sif Muna
Trog
Vehumet
Wu Jian
Xom
Yredelemnul
Zin
The Shining One


Innate Abilities, Weirdness & Mutations

Your experience applies equally to all skills.
You have very sharp teeth.
Your uncanny sense of smell can sniff out nearby items.


Message History

The two-headed ogre hits you with a giant club.
The two-headed ogre hits you but does no damage.
You barely miss the two-headed ogre.
You bite the two-headed ogre, but do no damage.
The two-headed ogre is severely wounded.
Your chain mail prevents you from hitting the two-headed ogre.
You bite the two-headed ogre, but do no damage.
The two-headed ogre is severely wounded.
The two-headed ogre hits you with a giant club!!
The two-headed ogre hits you but does no damage.
You hit the two-headed ogre. You freeze the two-headed ogre.
The two-headed ogre is severely wounded.
The two-headed ogre hits you with a giant club! x2
* * * LOW HITPOINT WARNING * * *
You barely miss the two-headed ogre. You bite the two-headed ogre.
The two-headed ogre is severely wounded.
The two-headed ogre hits you with a giant club!
* * * LOW HITPOINT WARNING * * *
The two-headed ogre hits you with a giant club!
You die...

##+# #.##...## #
#.#.....## .#
#........## ..#
#.........####...##
∆
+.........'........
#.........#@O......
#........##.###..#.
.#.....###.# #
##...## #.# ##'##
#.# #.# #.# #.# #.#
##.### #..
##....#######.


You could see a two-headed ogre.

Vanquished Creatures
  Pikel (D:6)
  The ghost of Soeti the Insei, a novice OpTm of Cheibriados (D:5)
  Grinder (D:6)
  A hippogriff (D:7)
  Sigmund (D:3)
  Menkaure (D:4)
  Purgy (D:3)
  2 phantoms
  A sky beast (D:8)
  3 ogres
  2 orc warriors
  An ice beast (D:6)
  A necrophage (D:6)
  Blork the orc (D:4)
  6 bullfrogs
  8 scorpions
  5 crimson imps
  A howler monkey (D:3)
  A centaur zombie (Ossuary)
  3 human zombies (Ossuary)
  A jelly (D:4)
  3 hounds
  5 orc wizards
  2 bullfrog skeletons
  Crazy Yiuf (D:3)
  3 iguanas
  A hound skeleton (D:5)
  3 mummies
  2 worker ant zombies (D:7)
  4 scorpion zombies (Ossuary)
  5 adders
  2 adder skeletons
  3 adder zombies
  A dart slug (D:1)
  A worm (D:3)
  8 leopard geckos
  20 orcs
  14 giant cockroaches
  2 gnoll zombies (Ossuary)
  7 hobgoblins
  9 jackals
  6 kobolds
  4 quokkas
  7 ball pythons
  A ball python skeleton (D:3)
  5 bats
  10 frilled lizards
  2 goblins
  5 goblin zombies
  5 hobgoblin zombies (Ossuary)
  3 kobold zombies
  2 leopard gecko zombies (D:6)
  A quokka zombie (D:7)
  5 rats
195 creatures vanquished.

Vanquished Creatures (others)
  A mummy (Ossuary)
1 creature vanquished.

Grand Total: 196 creatures vanquished

Notes
Turn   | Place    | Note
-------+----------+-------------------------------------------
     0 | D:1      | Reached skill level 10 in Fighting
     0 | D:1      | xccam the Gnoll Wanderer began the quest for the Orb.
     0 | D:1      | xccam set off with: a +2 dagger, a potion of heal wounds, a +0 quarterstaff, a wand of random effects (15), a +0 robe, a ration
     0 | D:1      | Reached XP level 1. HP: 28/28 MP: 2/2
   152 | D:1      | Reached XP level 2. HP: 35/36 MP: 3/3
   647 | D:2      | Reached XP level 3. HP: 40/42 MP: 4/4
   690 | D:2      | Reached skill level 1 in Invocations
  1173 | D:3      | Found a runed door.
  1257 | D:3      | Noticed Purgy
  1289 | D:3      | Killed Purgy
  1289 | D:3      | Reached skill level 1 in Short Blades
  1289 | D:3      | Reached skill level 1 in Long Blades
  1289 | D:3      | Reached skill level 1 in Axes
  1289 | D:3      | Reached skill level 1 in Maces & Flails
  1289 | D:3      | Reached skill level 1 in Polearms
  1289 | D:3      | Reached skill level 1 in Slings
  1289 | D:3      | Reached skill level 1 in Bows
  1289 | D:3      | Reached skill level 1 in Crossbows
  1289 | D:3      | Reached skill level 1 in Throwing
  1289 | D:3      | Reached skill level 1 in Armour
  1289 | D:3      | Reached skill level 1 in Shields
  1289 | D:3      | Reached skill level 1 in Unarmed Combat
  1289 | D:3      | Reached skill level 1 in Spellcasting
  1289 | D:3      | Reached skill level 1 in Conjurations
  1289 | D:3      | Reached skill level 1 in Hexes
  1289 | D:3      | Reached skill level 1 in Charms
  1289 | D:3      | Reached skill level 1 in Summonings
  1289 | D:3      | Reached skill level 1 in Necromancy
  1289 | D:3      | Reached skill level 1 in Translocations
  1289 | D:3      | Reached skill level 1 in Transmutations
  1289 | D:3      | Reached skill level 1 in Fire Magic
  1289 | D:3      | Reached skill level 1 in Ice Magic
  1289 | D:3      | Reached skill level 1 in Air Magic
  1289 | D:3      | Reached skill level 1 in Earth Magic
  1289 | D:3      | Reached skill level 1 in Poison Magic
  1289 | D:3      | Reached XP level 4. HP: 29/48 MP: 4/6
  1289 | D:3      | Reached XP level 5. HP: 32/54 MP: 4/7
  1641 | D:3      | Found a basalt altar of Yredelemnul.
  1705 | D:3      | Found an opulent altar of Gozag.
  1720 | D:3      | Noticed Sigmund
  1745 | D:3      | Killed Sigmund
  1745 | D:3      | Reached XP level 6. HP: 36/61 MP: 7/9
  1976 | D:3      | Noticed Crazy Yiuf
  1982 | D:3      | Killed Crazy Yiuf
  2076 | D:4      | Reached XP level 7. HP: 51/67 MP: 10/10
  2150 | D:4      | Found a hazy altar of Hepliaklqana.
  2329 | D:4      | Found a staircase to the Ecumenical Temple.
  2334 | Temple   | Entered the Ecumenical Temple
  2690 | D:4      | Reached skill level 5 in Stealth
  2760 | D:4      | Noticed Blork the orc
  2777 | D:4      | Killed Blork the orc
  2798 | D:4      | Noticed Menkaure
  2802 | D:4      | Killed Menkaure
  2802 | D:4      | Reached XP level 8. HP: 70/74 MP: 12/12
  3038 | D:5      | Entered Level 5 of the Dungeon
  3529 | D:5      | Noticed Soeti's ghost (novice OpTm)
  3546 | D:5      | Killed Soeti's ghost
  3675 | D:5      | Found a glowing drain.
  3727 | Sewer    | Entered a sewer
  4055 | D:5      | Reached XP level 9. HP: 53/79 MP: 14/14
  4281 | D:6      | Found a shimmering altar of Xom.
  4281 | D:6      | Found a burning altar of Makhleb.
  4282 | D:6      | Reached skill level 11 in Fighting
  4319 | D:6      | Noticed Grinder
  4331 | D:6      | Killed Grinder
  4820 | D:6      | Noticed Pikel
  4853 | D:6      | Killed Pikel
  4853 | D:6      | Reached skill level 5 in Staves
  4853 | D:6      | Reached skill level 5 in Dodging
  4853 | D:6      | Reached skill level 5 in Evocations
  5696 | D:7      | Reached skill level 5 in Invocations
  5700 | D:7      | Identified a scroll of acquirement
  5701 | D:7      | Got a translucent cloak
  5712 | D:7      | Identified the -4 cloak of Too Many Cooks {rPois rN+++ MP+9 Str-3} (You acquired it on level 7 of the Dungeon)
  5977 | D:7      | Found a sand-covered staircase.
  5991 | Ossuary  | Entered an ossuary
  6082 | Ossuary  | Reached XP level 10. HP: 57/88 MP: 17/17
  6367 | Ossuary  | Learned a level 1 spell: Apportation
  6754 | D:7      | Found a shattered altar of Ashenzari.
  7074 | D:7      | Reached skill level 5 in Short Blades
  7074 | D:7      | Reached skill level 5 in Long Blades
  7074 | D:7      | Reached skill level 5 in Axes
  7074 | D:7      | Reached skill level 5 in Maces & Flails
  7074 | D:7      | Reached skill level 5 in Polearms
  7074 | D:7      | Reached skill level 5 in Slings
  7074 | D:7      | Reached skill level 5 in Bows
  7074 | D:7      | Reached skill level 5 in Crossbows
  7074 | D:7      | Reached skill level 5 in Throwing
  7074 | D:7      | Reached skill level 5 in Armour
  7074 | D:7      | Reached skill level 5 in Shields
  7074 | D:7      | Reached skill level 5 in Unarmed Combat
  7074 | D:7      | Reached skill level 5 in Spellcasting
  7126 | D:7      | Found a radiant altar of Vehumet.
  7127 | D:7      | Found an ornate altar of the Wu Jian Council.
  7129 | D:7      | Found an ancient bone altar of Kikubaaqudgha.
  7142 | D:7      | Found a blossoming altar of Fedhas.
  7143 | D:7      | Found a snail-covered altar of Cheibriados.
  7148 | D:7      | Became a worshipper of Cheibriados the Contemplative
  7330 | D:8      | Noticed a two-headed ogre
  7342 | D:8      | Mangled by a two-headed ogre

Vault maps used:
D:1:      co_arrival_random_square_maze
D:2:      first_ration
D:3:      nicolae_gozag_cash_rules_everything_around_me, old_standard_altar,
          uniq_purgy, uniq_crazy_yiuf_cottage, uniq_sigmund
D:4:      kennysheep_mini_moat, minmay_temple_entry_nine_rooms,
          uniq_blork_the_orc, uniq_menkaure
D:5:      portal_sewer_entry_f
D:6:      grunt_temple_overflow_champion_of_chaos, uniq_pikel, uniq_grinder
D:7:      overflow_temple_1_default, minitemple, nicolae_ossuary_entry_giza,
          roderic_lattice_a, minmay_checkerbox
D:8:      nicolae_overflow_crystal_walls, hangedman_pestilent_swarm
Temple:   compressed_dpeg_triangle_lava_temple
Sewer:    sewer_frog_island_01
Ossuary:  ossuary_minmay_scorpions

Skill      XL: |  1  2  3  4  5  6  7  8  9 10 |
---------------+-------------------------------+-----
Fighting       | 11 | 11.4
Invocations    | 1 2 3 4 5 |  5.5
Short Blades   | 1 2 3 4 5 |  5.0
Long Blades    | 1 2 3 4 5 |  5.0
Axes           | 1 2 3 4 5 |  5.0
Maces & Flails | 1 2 3 4 5 |  5.0
Polearms       | 1 2 3 4 5 |  5.0
Slings         | 1 2 3 4 5 |  5.0
Bows           | 1 2 3 4 5 |  5.0
Crossbows      | 1 2 3 4 5 |  5.0
Throwing       | 1 2 3 4 5 |  5.0
Armour         | 1 2 3 4 5 |  5.0
Shields        | 1 2 3 4 5 |  5.0
Unarmed Combat | 1 2 3 4 5 |  5.0
Spellcasting   | 1 2 3 4 5 |  5.0
Conjurations   | 1 2 3 4 |  4.1
Hexes          | 1 2 3 4 |  4.1
Charms         | 1 2 3 4 |  4.1
Summonings     | 1 2 3 4 |  4.1
Necromancy     | 1 2 3 4 |  4.1
Translocations | 1 2 3 4 |  4.1
Transmutations | 1 2 3 4 |  4.1
Fire Magic     | 1 2 3 4 |  4.1
Ice Magic      | 1 2 3 4 |  4.1
Air Magic      | 1 2 3 4 |  4.1
Earth Magic    | 1 2 3 4 |  4.1
Poison Magic   | 1 2 3 4 |  4.1
Staves         | 3 4 5 |  5.7
Dodging        | 3 4 5 |  5.7
Evocations     | 3 4 5 |  5.7
Stealth        | 5 6 |  6.6

Action                   |  1- 3 |  4- 6 |  7- 9 | 10-12 || total
-------------------------+-------+-------+-------+-------++-------
Melee: Quarterstaff      |    92 |    78 |    44 |       ||   214
       Bite              |     6 |     7 |    86 |    41 ||   140
       Dagger            |       |     1 |       |       ||     1
       Short sword       |       |       |   534 |       ||   534
       Punch             |       |       |     9 |       ||     9
       Whip              |       |       |   140 |   199 ||   339
       Mace              |       |       |       |    80 ||    80
Evoke: Wand              |       |       |     4 |     1 ||     5
  Use: Potion            |     3 |     1 |       |       ||     4
       Scroll            |       |       |     9 |     2 ||    11
 Stab: Sleeping          |     9 |     5 |    10 |       ||    24
       Petrified         |       |     2 |       |       ||     2
       Petrifying        |       |     1 |       |       ||     1
  Eat: Chunk             |     1 |     3 |     9 |     2 ||    15
       Ration            |       |       |     1 |     1 ||     2
Armor: Ring mail         |    15 |       |       |       ||    15
       Skin              |    43 |       |       |       ||    43
       Troll leather arm |     6 |     8 |   117 |       ||   131
       Chain mail        |       |       |    42 |   125 ||   167
Dodge: Dodged            |    49 |    47 |   347 |    98 ||   541
Block: Buckler           |       |       |    37 |    47 ||    84

Table legend:
 A = Spawn XP
 B = Non-spawn XP
 C = Spawn XP percentage of total XP
 D = Spawn monster count
 E = Non-spawn monster count
 F = Spawn count percentage of total count
 G = Total turns spent on level
                    A         B        C        D         E        F      G
               +---------+---------+-------+---------+---------+-------+---------
         Total |       0 |    5984 |   0.0 |       0 |     195 |   0.0 |  7342
               +---------+---------+-------+---------+---------+-------+---------
           D:1 |       0 |      23 |   0.0 |       0 |      11 |   0.0 |   587
           D:2 |       0 |      45 |   0.0 |       0 |      18 |   0.0 |   544
           D:3 |       0 |     508 |   0.0 |       0 |      28 |   0.0 |   914
           D:4 |       0 |     722 |   0.0 |       0 |      25 |   0.0 |   754
           D:5 |       0 |     977 |   0.0 |       0 |      22 |   0.0 |   991
           D:6 |       0 |    1553 |   0.0 |       0 |      17 |   0.0 |  1301
           D:7 |       0 |    1038 |   0.0 |       0 |      22 |   0.0 |   999
           D:8 |       0 |     317 |   0.0 |       0 |       7 |   0.0 |   159
         Sewer |       0 |     108 |   0.0 |       0 |      16 |   0.0 |   244
       Ossuary |       0 |     693 |   0.0 |       0 |      29 |   0.0 |   610
               +---------+---------+-------+---------+---------+-------+---------
